 Dungeon Crawl Stone Soup version 0.31-a0-4-gefa6de2278 (webtiles) character file.

Game seed: 5660558812296492901

63 testman the Conjurer (level 3, -3/28 HPs)
             Began as a Draconian Conjurer on May 3, 2023.
             Was an Initiate of Vehumet.
             Slain by Grinder (5 damage)
             ... while paralysed by Grinder
             ... on level 3 of the Dungeon.
             The game lasted 00:06:26 (2281 turns).

testman the Conjurer (Draconian Conjurer)           Turns: 2281, Time: 00:06:27

Health: -3/28      AC:  5    Str:  9    XL:     3   Next: 87%
Magic:  1/6        EV:  2    Int: 20    God:    Vehumet [......]
Gold:   166        SH:  0    Dex:  9    Spells: 1/7 levels left

rFire   . . .        j - +0 dagger (drain)
rCold   . . .        (no shield)
rNeg    . . .        (body armour unavailable)
rPois   .            (helmet restricted)
rElec   .            (no cloak)
rCorr   .            (no gloves)
SInv    .            (no boots)
Will    .....        (no amulet)
Stlth   ++           (no ring)
HPRegen 0.24/turn    (no ring)
MPRegen 0.10/turn

%: no passive effects
@: paralysed, brilliant
A: AC +5, unfitting armour, cold-blooded
a: Renounce Religion


You were on level 3 of the Dungeon.
You worshipped Vehumet.
Vehumet was noncommittal.
You visited 1 branch of the dungeon, and saw 3 of its levels.

You collected 166 gold pieces.

Inventory:

Hand Weapons
 f - a +0 dagger
 j - a +0 dagger of draining (weapon)
Missiles
 d - 2 javelins
 k - 5 datura-tipped darts
Scrolls
 b - 2 scrolls of identify {unknown}
 h - 4 scrolls of teleportation {unknown}
 i - a scroll of magic mapping {unknown}
 n - a scroll of enchant armour {unknown}
Potions
 a - a potion of magic
 c - a potion of brilliance
 e - a potion of resistance {unknown}
 g - a potion of lignification {unknown}
 l - a potion of heal wounds {unknown}
 m - a potion of invisibility {unknown}


   Skills:
 - Level 1.6 Fighting
 - Level 2.0 Dodging
 - Level 1.7 Stealth
 - Level 2.5 Spellcasting
 - Level 4.3 Conjurations
 + Level 1.3 Hexes


You had one spell level left.
You knew the following spells:

 Your Spells              Type           Power      Damage    Failure   Level
a - Magic Dart            Conj           100%       1d8       2%          1
b - Searing Ray           Conj           60%        2d6       3%          2
c - Dazzling Flash        Conj/Hex       42%        N/A       14%         3

Your spell library contained the following spells:

 Spells                   Type           Power      Damage    Failure   Level
 Fulminant Prism          Conj/Hex       10%        3d9       41%         4
 Iskenderun's Mystic Bla  Conj/Tloc      17%        2d5       52%         4
 Alistair's Intoxication  Tmut/Pois      2%         N/A       99%         5
 Borgnjor's Vile Clutch   Necr/Erth      1%         N/A       99%         5
 Eringya's Noxious Bog    Tmut/Pois      1%         N/A       100%        6
 Borgnjor's Revivificati  Necr           1%         N/A       100%        8
 Necromutation            Tmut/Necr      1%         N/A       100%        8
 Death's Door             Necr           1%         N/A       100%        9


Dungeon Overview and Level Annotations

Branches:
Dungeon (3/15)

Altars:
Vehumet

Annotations:
D:3 1 runed translucent door, Grinder; NinjaNoafa's ghost, amateur GnWr


Innate Abilities, Weirdness & Mutations

Your plain brown scales are hard. (AC +5)
You cannot fit into any form of body armour.
You are cold-blooded and may be slowed by cold attacks.


Message History

The searing ray hits Grinder.
Grinder is heavily wounded.
You finish channelling your searing ray.
Grinder closely misses you.
You hit Grinder.
Grinder is severely wounded.
Grinder closely misses you.
You barely miss Grinder.
Grinder is severely wounded.
Grinder hits you!
You writhe in agony.
You barely miss Grinder. You tail-slap Grinder.
Grinder is severely wounded.
Grinder hits you.
You writhe in agony.
* * * LOW HITPOINT WARNING * * *
Okay, then.
It was a potion of brilliance.
You feel clever all of a sudden. Grinder hits you!
* * * LOW HITPOINT WARNING * * *
Aiming: Magic Dart (safe; 2% risk of failure)
Press: ? - help, Q - select action, (/) - cycle Shift-Dir - straight line, f/p - Grinder
Aim: Grinder (severely wounded, 100% to hit)
You feel a surge of power!
The magic dart hits Grinder.
Grinder is almost dead.
Grinder hits you but does no damage.
You closely miss Grinder.
Grinder is almost dead.
Grinder closely misses you.
You hit Grinder but do no damage.
Grinder is almost dead.
Grinder barely misses you.
You barely miss Grinder.
Your tail-slap misses Grinder.
Grinder is severely wounded.
Grinder barely misses you.
You closely miss Grinder.
Grinder is severely wounded.
Grinder gestures at you.
You suddenly lose the ability to move!
Grinder hits you.
You die...

# ####### $.##### ##....#
#....... #....# #.#......
##..(.##### #.....#.#
..........#### #.......#
.............#######.......#
##.<..###..................#
###............@5.........#
# #.#############.........#
# #.# #######.#.......# #
#.# #...)...#.).....# # #.#
#.#######.......# # #># ##.#
####.#### # #.# ###..# .#
####.####...## .#
..##.##...### #


You could see Grinder.

Vanquished Creatures
  2 adders
  A dart slug (D:1)
  6 orcs (D:3)
  5 ball pythons
  4 endoplasms
  3 goblins
  A kobold (D:1)
  3 quokkas
  6 bats
  2 frilled lizards (D:2)
  2 rats
35 creatures vanquished.

Notes
Turn   | Place    | Note
-------+----------+-------------------------------------------
     0 | D:1      | testman the Draconian Conjurer began the quest for the Orb.
     0 | D:1      | Reached XP level 1. HP: 14/14 MP: 3/3
   435 | D:1      | Reached XP level 2. HP: 22/22 MP: 1/5
   797 | D:2      | Reached skill level 1 in Fighting
  1013 | D:2      | Learned a level 2 spell: Searing Ray
  1245 | D:2      | Reached XP level 3. HP: 28/28 MP: 3/6
  1709 | D:3      | Found a runed translucent door.
  1709 | D:3      | Noticed a bullfrog
  1716 | D:3      | Noticed NinjaNoafa's ghost (amateur GnWr)
  1944 | D:3      | Noticed Grinder
  1955 | D:3      | Learned a level 3 spell: Dazzling Flash
  1988 | D:3      | Found a radiant altar of Vehumet.
  1994 | D:3      | Became a worshipper of Vehumet
  2111 | D:3      | Reached skill level 1 in Hexes
  2153 | D:3      | Found a faded altar of an unknown god.
  2275 | D:3      | HP: 1/28 [Grinder (7)]
  2280 | D:3      | Paralysed by Grinder for 3 turns
  2281 | D:3      | Slain by Grinder

Illustrated notes

Levels and vault maps discovered:
D:1:      amcnicky_arrival_underground_garden, layout_loops_ring,
          minmay_misc_feat_chi
D:2:      layout_loops_corners
D:3:      layout_rooms, mainiacjoe_overflow_cross_hatched,
          nicolae_vehumet_altar_sigil, shapermc_ecumenical_altar_petra,
          ebering_ghost_sewer_d, uniq_grinder

Skill      XL: |  1  2  3 |
---------------+----------+-----
Dodging        | 2 |  2.0
Fighting       | 1 |  1.6
Hexes          | 1 |  1.3
Stealth        | |  1.7
Spellcasting   | |  2.5
Conjurations   | |  4.3

Action                     || total
---------------------------++-------
  Melee: Dagger            ||    15
         Unarmed           ||     2
         Tailslap          ||     1
   Cast: Magic Dart        ||    39
         Searing Ray       ||     8
    Use: Potion            ||     1
 Armour: Skin              ||     9
  Dodge: Dodged            ||    12

Table legend: (Time is in decaauts)
 A = Elapsed time spent in this place.
 B = Non-inter-level travel time spent in this place.
 C = Inter-level travel time spent in this place.
 D = Time resting spent in this place.
 E = Time spent auto-exploring this place.
 F = Levels seen in this place.
 G = Mean time per level.
                   A        B        C        D        E       F      G
               +--------+--------+--------+--------+--------+-----+--------+
         Total |   2279 |   2178 |    101 |     12 |   1917 |   3 |  759.7 |
       Dungeon |   2279 |   2178 |    101 |     12 |   1917 |   3 |  759.7 |
               +--------+--------+--------+--------+--------+-----+--------+

Top non-repeatable levels by time:
     D:2: 978 daAuts
     D:1: 719 daAuts
     D:3: 581 daAuts
